 Dungeon Crawl Stone Soup version 0.30.0-29-ga12c61a403 (webtiles) character file.

Game seed: 12960595999458953183

295622 kij the Bludgeoner (level 20, -1/190 (193) HPs)
             Began as a Minotaur Berserker on June 19, 2023.
             Was a High Priest of Trog.
             Slain by a +2 glaive of venom (24 damage)
             ... animated by Zenata
             ... on level 2 of the Elven Halls on June 20, 2023.
             The game lasted 04:08:13 (55393 turns).

kij the Bludgeoner (Minotaur Berserker)            Turns: 55393, Time: 04:08:13

HP:   -1/190 (193)  AC: 35    Str: 41    XL:     20   Next: 6%
MP:   6/6           EV: 21    Int:  4    God:    Trog [*****.]
Gold: 3278          SH:  5    Dex: 20    Spells: 19/19 levels left

rFire   + + .        j - +10 great mace of Noon {antimagic, Str+5}
rCold   + . .        (shield currently unavailable)
rNeg    + . .        Q - +12 chain mail of Muttered Phrases {Stlth+}
rPois   +            y - -2 hat of the Alchemist {rElec rPois rF+ rC+ rN+ Will+ rMut rCorr}
rElec   +            L - +2 cloak
rCorr   +            d - +2 pair of gloves
SInv    .            i - +2 pair of boots
Will    ++++.        b - amulet of reflection Stlth
                     k - ring "Roulikim" {rPois rF+ Str+3 Dex+6}
HPRegen 1.51/turn    J - +6 ring of strength
MPRegen 0.10/turn

%: reflection, resist mutation
@: strong-willed, regenerating, studying Throwing, lightly drained
A: horns 2, retaliatory headbutt
}: 2/15 runes: decaying, serpentine
a: Renounce Religion, Berserk, Trog's Hand, Brothers in Arms


You were on level 2 of the Elven Halls.
You worshipped Trog.
Trog was extremely pleased with you.
You visited 11 branches of the dungeon, and saw 39 of its levels.
You visited 1 bazaar.
You also visited: Sewer and Ice Cave.

You collected 3847 gold pieces.
You spent 569 gold pieces at shops.

Inventory:

Hand Weapons
 a - a +3 heavy war axe
 j - the +10 great mace of Noon (weapon) {antimagic, Str+5}
   (Trog gifted it to you on level 15 of the Dungeon)

   Str:       It affects your strength (+5).
 v - a +2 war axe of flaming
 D - the +8 broad axe "Neqikufe" {flame, Will+ Dex+3}
   (Trog gifted it to you on level 2 of the Snake Pit)

   Dex:       It affects your dexterity (+3).
   Will:      It increases your willpower.
 E - a +2 broad axe of electrocution
 M - a +1 executioner's axe of draining
 X - a +3 battleaxe of flaming
 Z - a +2 great mace of protection
Missiles
 C - 4 throwing nets
Armour
 d - a +2 pair of gloves (worn)
 i - a +2 pair of boots (worn)
 y - the -2 hat of the Alchemist (worn) {rElec rPois rF+ rC+ rN+ Will+ rMut rCorr}
   (You acquired it on level 5 of the Dungeon)

   rF:        It protects you from fire.
   rC:        It protects you from cold.
   rElec:     It insulates you from electricity.
   rPois:     It protects you from poison.
   rN:        It protects you from negative energy.
   rCorr:     It protects you from acid and corrosion.
   rMut:      It protects you from mutation.
   Will:      It increases your willpower.
 z - the +1 kite shield of Aciyvox {Rampage rPois rF- Slay+2}
   (You found it on level 15 of the Dungeon)

   Slay:      It affects your accuracy & damage with ranged weapons and melee
   (+2).
   rF:        It makes you vulnerable to fire.
   rPois:     It protects you from poison.
   Rampage:   It bestows one free step when moving towards enemies.
 L - a +2 cloak (worn)
 Q - the +12 chain mail of Muttered Phrases (worn) {Stlth+}
   (You found it on level 10 of the Dungeon)

   Stlth:     It makes you more stealthy.
 S - an orb of wrath
 V - a +2 kite shield
Jewellery
 b - an amulet of reflection (around neck)
 k - the ring "Roulikim" (left hand) {rPois rF+ Str+3 Dex+6}
   (You found it on level 2 of the Dungeon)

   [ring of dexterity]

   Str:       It affects your strength (+3).
   Dex:       It affects your dexterity (+6).
   rF:        It protects you from fire.
   rPois:     It protects you from poison.
 J - a +6 ring of strength (right hand)
 N - a +5 ring of evasion
 R - a ring of flight
 T - a +6 ring of strength
 W - a ring of willpower
Wands
 n - a wand of polymorph (28)
 B - a wand of roots (9)
 G - a wand of paralysis (39)
 H - a wand of mindburst (15)
 U - a wand of light (29)
 Y - a wand of digging (34)
Scrolls
 c - 3 scrolls of vulnerability
 e - 10 scrolls of teleportation
 f - 8 scrolls of magic mapping
 h - a scroll of brand weapon
 q - 4 scrolls of silence
 s - 5 scrolls of poison
 x - 6 scrolls of blinking
 I - 5 scrolls of fear
 K - a scroll of butterflies
 O - 5 scrolls of fog
Potions
 g - 13 potions of curing
 l - 6 potions of haste
 m - 3 potions of mutation
 o - 3 potions of heal wounds
 p - 7 potions of might
 t - 5 potions of resistance
 u - 6 potions of lignification
 A - 3 potions of invisibility
 F - 2 potions of cancellation
Miscellaneous
 w - a lightning rod (inert) (quivered)


   Skills:
 - Level 20.0 Fighting
 + Level 15.4(19.8) Axes
 - Level 20.3(22.1) Maces & Flails
 * Level 3.7 Throwing
 + Level 17.0 Armour
 + Level 15.8 Dodging
 + Level 14.1 Shields
 - Level 11.7 Evocations


You had 19 spell levels left.
You didn't know any spells.
Your spell library was empty.

Dungeon Overview and Level Annotations

Branches:
Dungeon (15/15)            Temple (1/1) D:5            Lair (5/5) D:8
  Swamp (4/4) Lair:3        Snake (4/4) Lair:2        Slime (1/5) Lair:5
    Orc (2/2) D:11            Elf (2/3) Orc:2        Vaults (3/5) D:13
 Depths (1/4) D:15           Hell (visited)           Sewer (visited)
  IceCv (visited)
  Crypt: Vaults:2-3     Dis: Hell:1         Geh: Hell:1         Coc: Hell:1
    Tar: Hell:1

Altars:
Ashenzari
Cheibriados
Dithmenos
Elyvilon
Fedhas
Gozag
Hepliaklqana
Kikubaaqudgha
Makhleb
Nemelex Xobeh
Okawaru
Qazlal
Ru
Sif Muna
Trog
Uskayaw
Vehumet
Wu Jian
Xom
Yredelemnul
Zin
The Shining One

Shops:
D:7 (   Orc:2 =(*[?   Snake:3 *[![

Portals:
Hell: Depths:1

Annotations:
Elf:2 Zenata
Vaults:3 Mara
Hell Geryon


Innate Abilities, Weirdness & Mutations

You have a pair of horns on your head.
You reflexively headbutt those who attack you in melee.


Message History

The +5 war axe of flaming misses you. You furiously retaliate!
You headbutt the +5 war axe of flaming. Zenata casts a spell at you.
A blast of power from the earth and the +5 war axe of flaming strikes you!
The +5 war axe of flaming barely misses you.
Unknown command.
Zenata attacks as you move away!
Zenata hits you with a +4 eveningstar of protection.
* * * LOW HITPOINT WARNING * * *
The +5 war axe of flaming closely misses you.
Your two-headed ogre goes berserk!
The +5 war axe of flaming hits you but does no damage. x2
Zenata sends weapons flying into battle!
The +5 war axe of flaming attacks as you move away!
The +5 war axe of flaming hits you but does no damage.
The +2 glaive of venom hits you but does no damage.
Your two-headed ogre misses the +0 scimitar of protection.
Your two-headed ogre closely misses the +0 scimitar of protection.
The +0 scimitar of protection hits you!
* * * LOW HITPOINT WARNING * * *
The +5 war axe of flaming hits you but does no damage.
A deep elf zephyrmancer comes into view.
It is wielding a +0 short sword.
The +0 scimitar of protection hits you but does no damage.
The +2 glaive of venom barely misses you.
The +0 scimitar of protection hits you.
* * * LOW HITPOINT WARNING * * *
You block the +2 glaive of venom's attack.
Your two-headed ogre hits the +5 war axe of flaming with a +0 giant spiked club!!!
The +5 war axe of flaming is destroyed!
The +5 war axe of flaming disappears in a puff of smoke!
Okay, then.
Aiming: Thunderbolt
Press: ? - help, Q - select action, (/) - cycle Shift-Dir - straight line, f - Zenata
Aim: Zenata, wielding a +4 eveningstar of protection and wearing a +3 ring mail of cold resistance (heavily wounded)
The thunderbolt hits Zenata.
Zenata is heavily wounded.
The lightning rod overheats!
The +0 scimitar of protection hits you but does no damage.
The +2 glaive of venom hits you from afar!!
You die...

......## . .......## #. ...)....#
#.### .).....## ###.
........################ ###.).
.....))'##.............# #.....
..))..#'.'.#..#...#..#.## #.....
......##.'.)..(.........####.....
..i...#'e).#.)#(@.#..#).)........
.......'##)..)a.O)..)..#####.....
........################ #.....
.......## #..... ........# ###...
.......## ########. #......##
#........ #........


You could see Zenata, 2 dancing weapons and a friendly two-headed ogre
(summoned, berserk).

Vanquished Creatures
  Jorgrun (D:13)
  Rupert (D:12)
  A quicksilver dragon (Snake:4)
  2 acid blobs
  Asterion (Snake:2)
  Gastronok (Lair:1)
  A sphinx (Vaults:2)
  Agnes (Elf:2)
  Donald (Swamp:1)
  A thorn hunter (Swamp:4)
  An azure jelly (Lair:5)
  8 nagarajas
  A fenstrider witch (Swamp:1)
  4 vault wardens
  A deep elf elementalist (Elf:1)
  A deep elf sorcerer (Vaults:2)
  2 orc warlords
  6 ironbound preservers
  A stone giant (Depths:1)
  2 ironbound thunderhulks (Vaults:2)
  The ghost of Tyszek the Impaler, a journeyman MiDe of Zin (Lair:3)
  A deep elf demonologist (Elf:1)
  3 dire elephants (Vaults:2)
  6 bunyips
  The ghost of Quickbrownfox the Cleaver, a journeyman DsCj of Gozag (Lair:3)
  7 eleionomae
  2 crystal guardians (Vaults:2)
  A deep elf death mage (Elf:1)
  Snorg (D:10)
  3 ettins (Depths:1)
  3 fire dragons
  2 great orbs of eyes
  Harold (D:11)
  A shambling mangrove (Swamp:3)
  The ghost of vfn1303 the Grappler, a journeyman DrCA of Ignis (Lair:3)
  3 yaktaur captains
  30 hydras
  3 vault guards
  2 salamander tyrants (Snake:4)
  A catoblepas (Lair:2)
  An ogre mage (D:15)
  An ironbound frostheart (Vaults:2)
  8 anacondas
  The ghost of Voland the Destroyer, a journeyman TeAE of Sif Muna (Lair:3)
  A peacekeeper (Vaults:2)
  23 centaur warriors
  12 dancing weapons
  A ghost crab (Swamp:1)
  3 tengu warriors
  5 boulder beetles
  7 naga warriors
  11 alligators
  6 two-headed ogres
  4 deep troll shamans (D:15)
  A death yak (Lair:2)
  3 spriggan berserkers (Swamp:3)
  12 naga sharpshooters
  4 orc high priests
  Urug (Lair:5)
  6 deep elf knights
  Sonja (D:13)
  10 shock serpents
  2 skysharks (Lair:5)
  3 iron trolls
  7 spriggans
  4 goliath frogs
  A salamander mystic (Snake:3)
  A fire crab (D:12)
  A death drake (Swamp:4)
  4 spriggan druids
  5 sea snakes (Snake:2)
  4 glowing orange brains
  An orange crystal statue (D:13)
  11 swamp dragons
  6 lindwurms
  12 bog bodies
  A death drake (shapeshifter) (D:15)
  3 naga ritualists
  6 deep elf archers (Elf:1)
  2 necromancers
  An ironbound convoker (Vaults:1)
  28 deep trolls
  A steelbarb worm (Swamp:3)
  10 mana vipers
  8 orc knights
  13 deep elf pyromancers
  A harpy (D:13)
  A fire giant zombie (Depths:1)
  12 deep elf zephyrmancers
  6 ugly things
  6 orc sorcerers
  7 will-o-the-wisps
  A stone giant skeleton (Depths:1)
  5 salamanders
  6 cyclopes
  4 manticores
  An elephant (Lair:2)
  2 ice statues (IceCv)
  Maurice (D:9)
  8 naga magi
  A fire giant skeleton (Depths:1)
  7 guardian serpents
  33 black mambas
  3 gargoyles
  7 vault sentinels
  2 molten gargoyles (Lair:5)
  3 torpor snails
  Maggie (D:10)
  10 cane toads
  An unseen horror (D:13)
  4 rime drakes
  8 ice devils (IceCv)
  9 komodo dragons
  A tengu conjurer (Depths:1)
  4 kobold demonologists
  4 yaktaurs
  A polar bear (Lair:2)
  3 trolls
  4 hornets
  2 large abominations (Elf:1)
  A wind drake (shapeshifter) (D:14)
  9 tyrant leeches
  7 dream sheep
  14 blink frogs
  An air elemental (Elf:1)
  34 slime creatures
  4 water elementals
  3 shadows
  16 humans
  A wraith (D:12)
  A dire elephant simulacrum (IceCv)
  34 yaks
  10 wyverns
  2 death yak simulacra (IceCv)
  A fire elemental (Lair:1)
  4 basilisks
  Grum (D:11)
  18 vampire mosquitoes
  18 swamp worms
  2 wargs
  8 steam dragons
  A harpy simulacrum (IceCv)
  A hydra simulacrum (IceCv)
  Edmund (D:4)
  A glowing shapeshifter zombie (Depths:1)
  30 nagas
  11 water moccasins
  Duvessa (D:5)
  4 acid dragons
  3 hell hounds (Lair:5)
  27 orc warriors
  8 swamp drakes
  3 sky beasts
  A black bear (D:4)
  4 ogres
  11 centaurs
  5 boggarts (Vaults:2)
  10 wolves
  4 elf zombies (Elf:1)
  2 kobold brigands
  A phantom (D:7)
  12 bullfrogs
  3 two-headed ogre simulacra (IceCv)
  3 gnoll sergeants
  2 cane toad simulacra (IceCv)
  5 scorpions
  An earth elemental (Elf:2)
  Dowan (D:5)
  20 killer bees
  4 electric eels
  3 howler monkeys
  8 lava snakes
  A gnoll bouda (D:9)
  14 orc priests
  6 hounds
  2 jellies
  Jessica (D:2)
  Natasha (thrice) (D:2)
  3 sleepcaps (D:5)
  An iguana (D:4)
  26 orc wizards
  A spriggan simulacrum (IceCv)
  A troll simulacrum (IceCv)
  A wolf simulacrum (IceCv)
  2 polar bear simulacra (IceCv)
  A boggart simulacrum (D:13)
  20 gnolls
  11 adders
  2 naga simulacra (IceCv)
  7 river rats (Sewer)
  19 white imps
  5 ufetubi
  A worm (D:2)
  4 dart slugs
  92 orcs
  9 endoplasms
  2 giant cockroaches (D:4)
  15 goblins
  7 hobgoblins
  6 jackals (D:5)
  2 quokkas
  11 ball pythons
  6 bats
  2 frilled lizards
  30 kobolds
  29 rats
  A spectral weapon (Snake:2)
1261 creatures vanquished.

Vanquished Creatures (collateral kills)
  Nikola (Swamp:3)
  A quicksilver dragon (Snake:4)
  A reaper (IceCv)
  2 ironbound preservers (Vaults:1)
  A very ugly thing (D:15)
  2 ironbound thunderhulks (Vaults:1)
  Nessos (D:13)
  A dire elephant (Vaults:2)
  A salamander tyrant (Snake:4)
  A ghost crab (Swamp:3)
  A peacekeeper (Vaults:2)
  An alligator (Swamp:3)
  3 dancing weapons (Elf:2)
  An orc high priest (Orc:2)
  A naga sharpshooter (Snake:4)
  An iron troll (D:15)
  A wizard (D:15)
  6 deep trolls
  2 ironbound convokers (Vaults:1)
  An orc knight (Orc:1)
  An ugly thing (D:15)
  A manticore (D:15)
  A salamander (Lair:1)
  A yaktaur (Vaults:2)
  A tyrant leech (Swamp:3)
  4 blink frogs (Lair:3)
  3 dream sheep (Lair:3)
  A slime creature (Vaults:1)
  2 basilisks
  A swamp worm (Swamp:3)
  3 orc priests (Orc:2)
  2 orcs (Orc:2)
  6 spectral weapons (Snake:2)
57 creatures vanquished.

Vanquished Creatures (others)
  A spriggan druid (Swamp:4)
  A deep elf pyromancer (Elf:1)
  3 swamp worms (Swamp:3)
  2 orc wizards (Orc:2)
  2 orcs (Orc:1)
  38 foxfires
47 creatures vanquished.

Grand Total: 1365 creatures vanquished

Notes
Turn   | Place    | Note
-------+----------+-------------------------------------------
     0 | D:1      | kij the Minotaur Berserker began the quest for the Orb.
     0 | D:1      | Reached XP level 1. HP: 19/19 MP: 0/0
    90 | D:1      | Reached XP level 2. HP: 17/27 MP: 1/1
   615 | D:2      | Found a burning altar of Makhleb.
   625 | D:2      | Reached XP level 3. HP: 26/33 MP: 2/2
   711 | D:2      | Identified the ring "Roulikim" {rPois rF+ Str+3 Dex+6}
   736 | D:2      | Reached ** piety under Trog
   792 | D:2      | Noticed Jessica
   843 | D:3      | Reached XP level 4. HP: 18/41 MP: 3/3
  1368 | D:3      | Reached XP level 5. HP: 36/47 MP: 4/4
  1971 | D:2      | Reached *** piety under Trog
  2215 | D:2      | Noticed Natasha
  2224 | D:2      | Killed Natasha
  2225 | D:2      | Reached skill level 1 in Maces & Flails
  2266 | D:2      | Noticed Natasha
  2271 | D:2      | Killed Natasha
  2272 | D:2      | Reached skill level 5 in Fighting
  2272 | D:2      | Reached skill level 5 in Axes
  2334 | D:2      | Killed Jessica
  2335 | D:2      | Reached XP level 6. HP: 53/56 MP: 5/5
  2610 | D:4      | Found a glowing drain.
  2619 | Sewer    | Entered a sewer
  2717 | Sewer    | Reached XP level 7. HP: 61/61 MP: 6/6
  2987 | Sewer    | Reached **** piety under Trog
  3653 | D:4      | Noticed Edmund
  3669 | D:4      | Killed Edmund
  3670 | D:4      | Reached skill level 5 in Armour
  4146 | D:5      | Entered Level 5 of the Dungeon
  4216 | D:4      | Reached skill level 5 in Maces & Flails
  4288 | D:5      | Reached skill level 5 in Dodging
  4288 | D:5      | Reached XP level 8. HP: 67/70 MP: 7/7
  4341 | D:5      | Found a staircase to the Ecumenical Temple.
  4771 | D:5      | Noticed Duvessa
  4773 | D:5      | Noticed Dowan
  4782 | D:5      | Killed Duvessa
  4799 | D:5      | Killed Dowan
  4824 | D:5      | Identified a scroll of acquirement
  4840 | D:5      | Acquired the -2 hat of the Alchemist {rElec rPois rF+ rC+
                  | rN+ Will+ rMut rCorr}
  4840 | D:5      | Found the -2 hat of the Alchemist {rElec rPois rF+ rC+ rN+
                  | Will+ rMut rCorr}
  5862 | D:7      | Found a shimmering blue altar of Sif Muna.
  5878 | D:7      | Reached XP level 9. HP: 78/79 MP: 8/8
  6138 | D:7      | Found Etyutew's Weapon Shoppe.
  7135 | D:8      | Found a flagged portal.
  7182 | D:8      | Reached ***** piety under Trog
  7232 | D:8      | Found a staircase to the Lair.
  7320 | D:8      | Identified the +6 longbow "Inuzam" {flame, Int+6}
  7673 | Lair:1   | Entered Level 1 of the Lair of Beasts
  7703 | Lair:1   | Reached XP level 10. HP: 58/90 MP: 9/9
  7707 | Lair:1   | Reached skill level 10 in Maces & Flails
  7900 | Lair:1   | Noticed Gastronok
  8035 | Lair:1   | You fall into a shaft and drop 1 floor!
  8360 | Lair:2   | Noticed a catoblepas
  8443 | Lair:1   | Killed Gastronok
  8659 | Lair:1   | Noticed a salamander
  8670 | Lair:1   | Killed a salamander
  9508 | Lair:2   | Noticed a black mamba
  9518 | Lair:2   | Killed a black mamba
  9554 | Lair:2   | Noticed a four-headed hydra
  9690 | Lair:3   | Reached XP level 11. HP: 99/99 MP: 10/10
  9695 | Lair:3   | Noticed a death yak
  9695 | Lair:3   | Noticed an eight-headed hydra
  9931 | Lair:2   | Killed a catoblepas
  9932 | Lair:2   | Reached skill level 10 in Fighting
  9966 | Lair:2   | Killed a four-headed hydra
 10601 | Lair:2   | Reached skill level 10 in Armour
 10930 | Lair:2   | Found a staircase to the Snake Pit.
 11618 | Temple   | Entered the Ecumenical Temple
 12420 | D:9      | Noticed a two-headed ogre
 12547 | D:9      | Killed a two-headed ogre
 12968 | D:9      | Noticed Maurice
 12976 | D:9      | Killed Maurice
 13090 | D:10     | Entered Level 10 of the Dungeon
 13341 | D:10     | Reached skill level 10 in Dodging
 13341 | D:10     | Reached XP level 12. HP: 102/110 MP: 11/11
 13349 | D:10     | Identified the +12 chain mail of Muttered Phrases {Stlth+}
 13389 | D:10     | Noticed Maggie
 13403 | D:10     | Killed Maggie
 13421 | D:10     | Noticed Snorg
 13603 | D:10     | Noticed a tengu warrior
 13604 | D:10     | Noticed a tengu warrior
 13605 | D:10     | Noticed a two-headed ogre
 13683 | D:10     | Killed a tengu warrior
 13698 | D:10     | Killed a two-headed ogre
 13856 | D:10     | Killed a tengu warrior
 13988 | D:10     | Killed Snorg
 14103 | D:11     | Found a frozen archway.
 14160 | IceCv    | Entered an ice cave
 14588 | IceCv    | Reached skill level 15 in Maces & Flails
 14716 | IceCv    | Received a gift from Trog
 14781 | IceCv    | Noticed a reaper
 14809 | IceCv    | Killed a reaper
 15209 | D:11     | Identified the +4 dagger of the Endless Expanse {flame,
                  | Will+ SInv}
 15267 | D:11     | Noticed Harold
 15283 | D:11     | Killed Harold
 15428 | D:11     | Found a staircase to the Orcish Mines.
 15533 | D:11     | Noticed Grum
 15560 | D:11     | Killed Grum
 16187 | D:11     | Reached XP level 13. HP: 98/119 MP: 12/12
 16954 | D:12     | Identified the +1 falchion "Buhok" {protect, Str+6 Int+2}
 17596 | D:13     | Noticed Jorgrun
 17606 | D:13     | Killed Jorgrun
 17919 | D:13     | Noticed Sonja
 17923 | D:13     | Killed Sonja
 18166 | D:13     | Received a gift from Trog
 18381 | D:13     | Paralysed by an ogre mage for 2 turns
 18561 | D:13     | Noticed Nessos
 18561 | D:13     | Noticed Rupert
 18561 | D:13     | Found a gate to the Vaults.
 18600 | D:12     | Killed Rupert
 18602 | D:12     | Reached skill level 1 in Evocations
 18847 | D:13     | Killed Nessos
 20157 | D:13     | Reached XP level 14. HP: 115/129 MP: 13/13
 21558 | D:2      | Noticed Natasha
 21565 | D:2      | Killed Natasha
 22105 | D:6      | You fall into a shaft and drop 3 floors!
 22528 | Orc:1    | Entered Level 1 of the Orcish Mines
 22726 | Orc:2    | Entered Level 2 of the Orcish Mines
 22734 | Orc:2    | Found a staircase to the Elven Halls.
 22796 | Orc:2    | Found Fenofeg's Magic Scroll Boutique.
 22940 | Orc:2    | Noticed an orc warlord
 23313 | Orc:1    | Killed an orc warlord
 24735 | Orc:2    | Found Buzerek's Antique Armour Emporium.
 24736 | Orc:2    | Found Pask's Antique Weapon Emporium.
 24740 | Orc:2    | Found Jaokutux's General Store.
 24740 | Orc:2    | Found Kex Uvva's Jewellery Shoppe.
 24768 | Orc:2    | Bought a potion of resistance for 170 gold pieces
 25793 | D:15     | Entered Level 15 of the Dungeon
 26119 | D:15     | Reached skill level 5 in Evocations
 26584 | D:15     | Identified the +1 kite shield of Aciyvox {Rampage rPois rF-
                  | Slay+2}
 26617 | D:15     | Noticed a red very ugly thing
 26624 | D:15     | Killed a red very ugly thing
 26625 | D:15     | Reached XP level 15. HP: 139/139 MP: 14/14
 26626 | D:15     | Identified the +10 great mace of Noon {antimagic, Str+5}
                  | (Trog gifted it to you on level 15 of the Dungeon)
 26626 | D:15     | Received a gift from Trog
 27001 | D:15     | Found a staircase to the Depths.
 27481 | Lair:3   | Found a runed translucent gate.
 27481 | Lair:3   | Found a runed translucent gate.
 27481 | Lair:3   | Found a runed translucent gate.
 27482 | Lair:3   | Noticed Voland's ghost (journeyman TeAE)
 27482 | Lair:3   | Noticed vfn1303's ghost (journeyman DrCA)
 27482 | Lair:3   | Noticed Tyszek's ghost (journeyman MiDe)
 27482 | Lair:3   | Noticed Quickbrownfox's ghost (journeyman DsCj)
 27707 | Lair:3   | Found a staircase to the Swamp.
 28778 | Lair:4   | Reached skill level 15 in Fighting
 29749 | Lair:3   | Killed Tyszek's ghost
 29758 | Lair:3   | Killed Voland's ghost
 29769 | Lair:3   | Killed vfn1303's ghost
 29778 | Lair:3   | Killed Quickbrownfox's ghost
 29918 | Lair:3   | Identified the ring of Atuddip {Ice Str-3 Int+3 Dex+8}
 29994 | Lair:5   | Entered Level 5 of the Lair of Beasts
 30117 | Lair:5   | Found a staircase to the Slime Pits.
 30529 | Lair:5   | Found a large runed translucent door.
 30676 | Lair:5   | Found a large runed translucent door.
 31441 | Snake:1  | Entered Level 1 of the Snake Pit
 32467 | Slime:1  | Entered Level 1 of the Pits of Slime
 32467 | Slime:1  | Noticed an acid blob
 32467 | Slime:1  | Noticed an azure jelly
 32474 | Lair:5   | Killed an azure jelly
 32479 | Slime:1  | Killed an acid blob
 32482 | Slime:1  | Noticed an acid blob
 32497 | Lair:5   | Killed an acid blob
 32498 | Lair:5   | Reached XP level 16. HP: 60/152 MP: 5/15
 32756 | Lair:5   | Noticed Urug
 32765 | Lair:5   | Killed Urug
 33558 | Swamp:1  | Entered Level 1 of the Swamp
 33580 | Swamp:1  | You fall into a shaft and drop 1 floor!
 33595 | Swamp:2  | Reached skill level 10 in Evocations
 34810 | Elf:1    | Entered Level 1 of the Elven Halls
 35087 | Depths:1 | Entered Level 1 of the Depths
 35517 | Depths:1 | Found a gateway to Hell.
 36999 | Hell     | Entered the Vestibule of Hell
 36999 | Hell     | Noticed Geryon
 37048 | Depths:1 | Found a sparkling altar of Nemelex Xobeh.
 39177 | Snake:2  | Reached XP level 17. HP: 159/166 MP: 16/16
 39342 | Snake:2  | Reached skill level 1 in Shields
 39354 | Snake:2  | Identified the +8 broad axe "Neqikufe" {flame, Will+ Dex+3}
                  | (Trog gifted it to you on level 2 of the Snake Pit)
 39354 | Snake:2  | Received a gift from Trog
 39805 | Snake:2  | Noticed Asterion
 39833 | Snake:2  | Killed Asterion
 40328 | Snake:3  | Found Tuesch's Distillery.
 40328 | Snake:3  | Found Xuonacis's Antique Armour Emporium.
 40329 | Snake:3  | Found Qoimyacw's Antique Armour Shoppe.
 40333 | Snake:3  | Found Eddiecux's General Store.
 41037 | Snake:3  | Reached skill level 5 in Shields
 41221 | Snake:4  | Entered Level 4 of the Snake Pit
 42215 | Snake:4  | Noticed a quicksilver dragon
 42220 | Snake:4  | Noticed a quicksilver dragon
 42225 | Snake:4  | Killed a quicksilver dragon
 42242 | Snake:4  | Killed a quicksilver dragon
 42601 | Snake:4  | Got a serpentine rune of Zot
 42899 | Snake:3  | Bought an encrusted cloak for 399 gold pieces
 42899 | Snake:3  | Identified the +0 cloak of the Moon Troll {Harm rF+ Str-3
                  | SInv} (You bought it in a shop on level 3 of the Snake Pit)
 44690 | Swamp:1  | Received a gift from Trog
 44691 | Swamp:1  | Reached XP level 18. HP: 178/178 MP: 17/17
 44702 | Swamp:1  | Reached skill level 10 in Axes
 44857 | Swamp:1  | Noticed Donald
 44877 | Swamp:1  | Killed Donald
 44878 | Swamp:1  | Reached skill level 15 in Armour
 45372 | Swamp:3  | Noticed Nikola
 45418 | Swamp:3  | Identified the +11 mace "Lelluy" {speed, rElec rC- Int+3}
 45834 | Swamp:3  | Killed Nikola
 46150 | Swamp:4  | Entered Level 4 of the Swamp
 47014 | Swamp:4  | Reached skill level 10 in Shields
 47106 | Swamp:4  | Got a decaying rune of Zot
 48594 | Vaults:1 | Entered Level 1 of the Vaults
 48972 | Vaults:1 | Received a gift from Trog
 49295 | Vaults:1 | Reached XP level 19. HP: 167/185 MP: 18/18
 49723 | Vaults:1 | Reached skill level 15 in Dodging
 50190 | Vaults:1 | Found a gateway to a bazaar.
 50218 | Bazaar   | Entered a bazaar
 50218 | Bazaar   | Found Ytinigg's General Store.
 50218 | Bazaar   | Found Vuivagac's Antique Armour Shop.
 50264 | Bazaar   | Found Ruinn's Antique Weapon Shop.
 51659 | Vaults:2 | Identified the +5 trident "Aritwol" {freeze, rN+ Int+3
                  | Dex+5}
 52765 | Vaults:3 | Noticed Mara
 53326 | Elf:1    | Reached skill level 15 in Axes
 53611 | Elf:1    | Received a gift from Trog
 53645 | Elf:1    | Paralysed by an air elemental for 1 turns
 54220 | Elf:1    | Acquired a manual of Throwing
 54413 | Elf:2    | Reached skill level 1 in Throwing
 55011 | Elf:2    | Identified the +9 short sword of Susuras {antimagic, Int+4}
 55182 | Elf:2    | Found a runed translucent gate.
 55182 | Elf:2    | Found a runed translucent gate.
 55182 | Elf:2    | Found a runed translucent gate.
 55277 | Elf:2    | Reached XP level 20. HP: 118/193 MP: 6/19
 55279 | Elf:2    | Noticed Agnes
 55300 | Elf:2    | Killed Agnes
 55373 | Elf:2    | Noticed Zenata
 55393 | Elf:2    | Slain by a +2 glaive of venom

Illustrated notes

Levels and vault maps discovered:
D:1:      roderic_crop_circles_arrival_small, layout_rooms, minmay_tromino_v4_b
D:2:      layout_rooms, serial_bayou, serial_bayou_pond_d, serial_bayou_shore_b,
          serial_bayou_pond_e, serial_bayou_pond_b, serial_bayou_lagoon_a,
          basic_altar, uniq_jessica, uniq_natasha
D:3:      layout_loops_cross
D:4:      layout_gridville, cheibrodos_sewer_entry_drain, minmay_statues_item,
          uniq_edmund
D:5:      layout_rooms, temple_pool_b, dk_noncrumbling_3, bh_walls_and_bars,
          uniq_duvessa
D:6:      layout_cave_pods, serial_column_ruins, column_ruins_grid_1,
          column_ruins_columns_straight, column_ruins_grid_3, feat_on_display
D:7:      layout_basic, general_overflow_altar, serial_shops,
          nicolae_shop_bloodbath_and_beyond, serial_bayou_pond_e, minivault_5,
          st_stairs_14
D:8:      layout_gridville, lair_entry_dummy, lightli_bailey_entry_fortress
D:9:      layout_loops_cross, serial_glass, glass_columns_b, glass_columns_c,
          kennysheep_generic_room_4, uniq_maurice
D:10:     layout_basic, uniq_maggie, uniq_snorg
D:11:     layout_roguey, david_orc_5, portal_ice_cave_entry_imps, uniq_grum,
          uniq_harold
D:12:     layout_cave_pods, minmay_mirror_moons_of_madness
D:13:     minmay_curly_fans, layout_loops_cross, david_vaults_3, minivault_15,
          kennysheep_generic_room_12, uniq_jorgrun, uniq_sonja
D:14:     layout_gridville
D:15:     gammafunk_enter_depths_forms, layout_long_grid, minmay_the_grid_2x2
          [minmay_the_grid_holed_spiral, minmay_the_grid_plusring,
          minmay_the_grid_expand, minmay_the_grid_prize_inner_circle]
Temple:   mainiacjoe_temple_archimedes_tessellation
Lair:1:   layout_gridlike, chequers_serial_rivers_room_a,
          infiniplex_staircase_pool, uniq_gastronok
Lair:2:   layout_regular_city, minmay_snake_entry_guardpost_medium
Lair:3:   layout_roguey, minmay_swamp_entry_worms, gammafunk_ghost_cemetery,
          minmay_shattered_shrine
Lair:4:   layout_misc_corridors
Lair:5:   cheibrodos_lair_end_hotspot, layout_loops_ring, slime_entry_1,
          uniq_urug
Swamp:1:  layout_basic_swamp, evilmike_swamp_ruin_wall, uniq_donald
Swamp:2:  layout_falls_marsh, evilmike_swamp_ruin_house_5
Swamp:3:  nicolae_swamp_tree_isthmus, layout_basic_swamp, serial_swamp_ruin,
          evilmike_swamp_ruin_rubble_2, hangedman_swamp_ruin_wall,
          nicolae_swamp_vermiculated, uniq_nikola
Swamp:4:  swamp_basic_johnstein, layout_basic_swamp
Snake:1:  layout_cave_shapes
Snake:2:  layout_basic, nicolae_snake_snake_lake, uniq_asterion
Snake:3:  layout_onion, minmay_shoptagon, grunt_megastairs_3
Snake:4:  hellmonk_snake_rune_quicksilver_temple, layout_cave_shapes,
          serial_bayou_shore_b, serial_bayou_shore_b, grunt_megastairs_5
Slime:1:  layout_caves
Orc:1:    layout_caves, nicolae_orc_tapped_out
Orc:2:    st_orc_congregation, layout_caves, serial_shops,
          nicolae_shop_hallway_stairs
Elf:1:    minmay_elf_arrival_plus, layout_geoelf_octagon, minmay_elf_necromancy
Elf:2:    elven_hall_of_blades_hangedman_original [nooodl_blade_entry_preview],
          layout_geoelf_octagon, guppyfry_library_mini, uniq_louise,
          uniq_zenata, uniq_agnes, uniq_roxanne
Vaults:1: nicolae_vaults_tetromino_T_1, nicolae_vaults_prndl,
          hangedman_vaults_stitches, nicolae_vaults_double_plus_2, v_misc_5,
          v_rooms_3, nicolae_vaults_trapezoid_2,
          nicolae_vaults_trapezoid_lopsided_1, ontoclasm_vaults_ring_square,
          hangedman_vaults_capsules, nicolae_vaults_diamond_1,
          nicolae_vaults_network_square, vaults_room_stairs_pillars,
          nicolae_vaults_yaktaur_gun_rack, layout_vaults_ring, serial_shops,
          statue_bzr
Vaults:2: hangedman_vaults_corner, v_misc_2, nicolae_vaults_layer_cake_slice,
          nicolae_vaults_six-pack, nicolae_vaults_closet_pinwheel_5,
          ontoclasm_vaults_chip, ontoclasm_vaults_eye,
          nicolae_vaults_tetromino_T_1, ontoclasm_vaults_decontamination,
          grunt_vaults_diagonal, nicolae_vaults_angled_halls,
          layout_vaults_omnibox
Vaults:3: minmay_crypt_entry_necro_gods, nicolae_vaults_network_star,
          nicolae_vaults_thirteen_compartments, hangedman_vaults_snaps,
          nicolae_vaults_tetromino_L_2, hangedman_vaults_pinch,
          hangedman_vaults_unwind, vaults_room_large_hall, v_misc_24,
          nicolae_vaults_puzzle_piece, nicolae_vaults_network_periphery,
          v_misc_15, nicolae_vaults_trapezoid_3, nicolae_vaults_cochlea,
          vaults_room_stairs_pillars, layout_vaults_maze_bifur, serial_shops,
          nicolae_shop_crystal, uniq_mara
Depths:1: layout_cave_pools, grunt_decor_arrowhead, grunt_hell_entry_dis_mu,
          nemelex_diamond_rough_becter
Hell

Skill      XL: |  1  2  3  4  5  6  7  8  9 10 11 12 13 14 15 16 17 18 19 20 |
---------------+-------------------------------------------------------------+-----
Fighting       | 4 5 6 7 8 9 11 12 13 14 16 18 19 20 | 20.0
Axes           | 4 5 6 9 13 15 | 15.4
Armour         | 3 4 5 6 8 9 10 12 13 14 15 16 17 | 17.0
Dodging        | 3 4 5 6 7 8 10 11 12 13 14 15 | 15.8
Maces & Flails | 1 3 5 7 9 11 14 15 17 19 20 | 20.3
Evocations     | 2 5 9 11 | 11.7
Shields        | 7 11 14 | 14.1
Throwing       | 2 3 |  3.7

Action                     |  1- 3 |  4- 6 |  7- 9 | 10-12 | 13-15 | 16-18 | 19-21 || total
---------------------------+-------+-------+-------+-------+-------+-------+-------++-------
  Melee: Hand axe          |    59 |    44 |       |       |       |       |       ||   103
         Headbutt          |     7 |    32 |    60 |   146 |   216 |   230 |    94 ||   785
         Punch             |     1 |     2 |     3 |    15 |       |       |       ||    21
         Flail             |       |   116 |   356 |   589 |       |       |       ||  1061
         Great mace        |       |       |       |    13 |   895 |   252 |   166 ||  1326
         Executioner's axe |       |       |       |       |    12 |       |       ||    12
         War axe           |       |       |       |       |       |   195 |   226 ||   421
         Broad axe         |       |       |       |       |       |   521 |       ||   521
   Fire: Longbow           |       |       |     2 |       |       |       |       ||     2
 Invoke: Trog's Hand       |       |     4 |     5 |     6 |     4 |     7 |     5 ||    31
         Berserk           |       |     1 |     1 |     2 |       |       |     1 ||     5
         Brothers in Arms  |       |       |       |     6 |    11 |     8 |     9 ||    34
  Evoke: Lightning rod     |       |       |       |       |     4 |     6 |     8 ||    18
         Wand              |       |       |       |       |       |       |     1 ||     1
    Use: Scroll            |       |     5 |    10 |    11 |     6 |     8 |     5 ||    45
         Potion            |       |       |       |     1 |     2 |     5 |     1 ||     9
   Stab: Sleeping          |       |     1 |       |       |       |       |       ||     1
         Distracted        |       |       |       |     2 |       |     1 |     1 ||     4
 Armour: Animal skin       |     9 |     5 |       |       |       |       |       ||    14
         Leather armour    |       |    19 |       |       |       |       |       ||    19
         Chain mail        |       |    44 |   228 |   217 |   592 |   498 |   200 ||  1779
         Plate armour      |       |       |       |    52 |       |       |       ||    52
  Dodge: Dodged            |    41 |    82 |   267 |   448 |   765 |   720 |   265 ||  2588
  Block: Other             |       |       |       |       |   221 |    72 |    33 ||   326
         Reflection        |       |       |       |       |    15 |    73 |    33 ||   121
         Kite shield       |       |       |       |       |       |   665 |   275 ||   940
